 Dungeon Crawl Stone Soup version 0.19-a0-262-g5df7875 (webtiles) character file.

63 oplop the Sneak (level 4, -1/22 HPs)
             Began as a Vine Stalker Enchanter on May 26, 2016.
             Slain by Robin
             ... wielding a +0 short sword
              (4 damage)
             ... on level 2 of the Dungeon.
             The game lasted 00:01:09 (735 turns).

oplop the Sneak (Vine Stalker Enchanter)             Turns: 735, Time: 00:01:11

Health: -1/22      AC:  5    Str: 11    XL:     4   Next: 10%
Magic:  0/9        EV: 12    Int: 13    God:
Gold:   61         SH:  0    Dex: 15    Spells: 1 memorised, 7 levels left

rFire  . . .     SeeInvis .     a - +1 dagger
rCold  . . .     Gourm    .     b - +1 robe
rNeg   . . .     Faith    .     (no shield)
rPois  .         Spirit   +     (no helmet)
rElec  .         Dismiss  .     (no cloak)
rCorr  .         Reflect  .     (no gloves)
SustAt .         Harm     .     k - +1 pair of boots
MR     .....                    (no amulet)
Stlth  +++.......               (no ring)
                                (no ring)

@: not resistant to hostile enchantments, fairly stealthy
A: claws 1, fangs 2, dopey 1, regeneration 1, magic shield, antimagic bite, no
device heal 3, rot immunity, MP-powered wands
a: no special abilities


You were on level 2 of the Dungeon.
You were not hungry.

You visited 1 branch of the dungeon, and saw 2 of its levels.

You collected 61 gold pieces.

Inventory:

Hand Weapons
 a - a +1 dagger (weapon)
Armour
 b - a +1 robe (worn)
 k - a +1 pair of boots (worn)
Scrolls
 g - a scroll of remove curse {unknown}
 i - 2 scrolls of teleportation {unknown}
Potions
 e - a potion of degeneration {unknown}
 h - a potion of mutation
Books
 c - a book of Maledictions

   Spells                             Type                      Level
   a - Corona                         Hexes                        1
   b - Ensorcelled Hibernation        Hexes/Ice                    2
   c - Confuse                        Hexes                        3
   d - Tukima's Dance                 Hexes                        3
   e - Dazzling Spray                 Conjuration/Hexes            3
Comestibles
 d - 3 bread rations
 f - a royal jelly
 j - 2 meat rations


   Skills:
 + Level 1.0 Fighting
 + Level 1.4 Short Blades
 - Level 1.7 Dodging
 + Level 4.6 Stealth
 + Level 2.7 Spellcasting
 + Level 3.3 Hexes


You had 7 spell levels left.
You knew the following spells:

 Your Spells              Type           Power        Failure   Level  Hunger
a - Corona                Hex            ##.....      10%         1    #......


Dungeon Overview and Level Annotations

Branches:
Dungeon (2/15)

Altars:
Nemelex Xobeh

Annotations:
D:2 Robin


Innate Abilities, Weirdness & Mutations

You have extremely sharp teeth.
Your natural rate of healing is unusually fast.
When hurt, damage is shared between your health and your magic reserves.
Your bite disrupts and absorbs the magic of your enemies.
Potions and wands cannot restore your health.
You are immune to rotting.
You have sharp fingernails.
You are dopey. (Int -2)
You expend magic power (3 MP) to strengthen your wands.


Message History

You barely miss the goblin. You bite the goblin, but do no damage.
The goblin hits you with a club. The goblin hits you.
Robin throws the goblin at you! The kobold barely misses you.
The goblin barely misses you.
You barely miss the goblin. Your bite misses the goblin.
The goblin hits you with a club. x2
* * * LOW HITPOINT WARNING * * *
The goblin closely misses you. The hobgoblin barely misses you.
The kobold hits you but does no damage.
Unknown command.
Unknown command.
Drink which item? (? for menu, Esc to quit)
It was a potion of mutation.
You feel extremely strange.
You feel stupid.
Your fingernails lengthen.
You feel your magical essence link to your wands.
The goblin barely misses you. The hobgoblin completely misses you.
The goblin closely misses you. The goblin hits you with a club.
* * * LOW HITPOINT WARNING * * *
The goblin closely misses you. Robin hits you with a short sword.
You die...

##########.#
#.............###
######.###.###.#####.#.#
..........#.#.#.# #.#.#
......#.#.#.#...###
#...#
......#............
#####
......####.........
#..................
#........#ggg......
#.<......#g@g...... ....
#ggK....$. ....
##=......# ... #.......#
........# ........#
........# .......###


You could see Robin, 2 hobgoblins, 4 goblins and a kobold.

Vanquished Creatures
  An adder (D:2)
  An ooze (D:1)
  2 dart slugs (D:1)
  4 giant geckos
  3 giant cockroaches
  12 goblins
  2 jackals (D:2)
  5 kobolds
  A quokka (D:2)
  A ball python (D:2)
  4 bats
  3 giant newts (D:1)
  A rat (D:2)
40 creatures vanquished.

Notes
Turn   | Place    | Note
--------------------------------------------------------------
     0 | D:1      | oplop the Vine Stalker Enchanter began the quest for the Orb.
     0 | D:1      | Reached XP level 1. HP: 9/9 MP: 4/4
    28 | D:1      | Reached XP level 2. HP: 10/13 MP: 4/6
    64 | D:1      | Reached skill level 1 in Short Blades
    94 | D:1      | Reached skill level 4 in Stealth
   237 | D:1      | Reached XP level 3. HP: 15/16 MP: 7/7
   304 | D:1      | Found a sparkling altar of Nemelex Xobeh.
   724 | D:2      | Noticed Robin
   726 | D:2      | Reached XP level 4. HP: 17/21 MP: 6/9
   732 | D:2      | Reached skill level 1 in Fighting
   735 | D:2      | Gained mutation: You are dopey. (Int -2) [potion of mutation]
   735 | D:2      | Gained mutation: You have sharp fingernails. [potion of mutation]
   735 | D:2      | Gained mutation: You expend magic power (3 MP) to strengthen your wands. [potion of mutation]
   735 | D:2      | Slain by Robin

Vault maps used:
D:1:      lemuel_arrival_room, st_stairs_3, nemelex_xobeh_ov_fountains_minmay
D:2:      first_bread, uniq_robin

Skill      XL: |  1  2  3  4 |
---------------+-------------+-----
Short Blades   | 1 |  1.4
Stealth        | 4 |  4.6
Fighting       | 1 |  1.0
Dodging        | |  1.7
Spellcasting   | |  2.7
Hexes          | |  3.3

Action                   |  1- 3 |  4- 6 || total
-------------------------+-------+-------++-------
Melee: Dagger            |   111 |     8 ||   119
       Bite              |    22 |     3 ||    25
  Use: Potion            |       |     1 ||     1
 Stab: Sleeping          |     6 |       ||     6
Armor: Robe              |    33 |     6 ||    39
Dodge: Dodged            |    61 |    25 ||    86
